 Dungeon Crawl Stone Soup version 0.30-a0-782-ge64f9170bb (webtiles) character file.

Game seed: 13818558010987032332

67 funkygono the Firebug (level 4, -1/24 HPs)
             Began as a Gargoyle Fire Elementalist on Mar 9, 2023.
             Slain by a goblin
             ... wielding a +0 club
              (4 damage)
             ... on level 2 of the Dungeon.
             The game lasted 00:02:50 (1754 turns).

funkygono the Firebug (Gargoyle Fire Elementalist)  Turns: 1754, Time: 00:02:50

Health: -1/24      AC:  7    Str: 12    XL:     4   Next: 18%
Magic:  1/7        EV: 12    Int: 17    God:
Gold:   67         SH:  0    Dex: 10    Spells: 1/7 levels left

rFire   . . .      SeeInvis .    i - +0 whip
rCold   . . .      Faith    .    (no shield)
rNeg    + . .      Spirit   .    a - +0 robe
rPois   ∞          Reflect  .    j - +1 helmet
rElec   +          Harm     .    (no cloak)
rCorr   .          Rampage  .    (no gloves)
Will    .....                    (no boots)
Stlth   ++                       (no amulet)
HPRegen 0.24/turn                l - +4 ring of slaying
MPRegen 0.10/turn                (no ring)

@: no status effects
A: sickness immunity, AC +3, negative energy resistance 1, electricity
resistance, torment resistance 1, petrification resistance
a: no special abilities


You were on level 2 of the Dungeon.
You visited 1 branch of the dungeon, and saw 2 of its levels.

You collected 67 gold pieces.

Inventory:

Hand Weapons
 i - a +0 whip (weapon)
Armour
 a - a +0 robe (worn)
 j - a +1 helmet (worn)
Jewellery
 l - a +4 ring of slaying (left hand)
Scrolls
 e - a scroll of teleportation
Potions
 b - a potion of magic
 c - 3 potions of lignification
 d - 2 potions of brilliance {unknown}
 f - a potion of haste {unknown}
 k - a potion of curing {unknown}
 n - a potion of might {unknown}


   Skills:
 + Level 0.1 Fighting
 + Level 0.4 Maces & Flails
 + Level 2.3 Dodging
 - Level 2.1 Stealth
 + Level 2.4 Spellcasting
 + Level 1.6 Conjurations
 + Level 3.8 Fire Magic


You had one spell level left.
You knew the following spells:

 Your Spells              Type           Power      Damage    Failure   Level
a - Foxfire               Conj/Fire      44%        2x1d6     6%          1
b - Scorch                Fire           30%        2d7       6%          2
c - Kindle Blastsparks    Fire/Tloc/Air  12%        2d11      32%         3

Your spell library contained the following spells:

 Spells                   Type           Power      Damage    Failure   Level
 Necrotise                Necr           8%         1d4       19%         1
 Inner Flame              Hex/Fire       8%         N/A       26%         3
 Vampiric Draining        Necr           2%         2d6       50%         3
 Flame Wave               Conj/Fire      11%        2d6       52%         4
 Agony                    Necr           2%         N/A       99%         5


Dungeon Overview and Level Annotations

Branches:
Dungeon (2/15)

Altars:
Kikubaaqudgha


Innate Abilities, Weirdness & Mutations

You are immune to sickness and miasma.
Your stone body is resilient. (AC +3)
You are immune to poison.
You resist negative energy. (rN+)
You are resistant to electric shocks. (rElec)
You are resistant to unholy torment.
You are immune to petrification.


Message History

The bat hits you but does no damage.
Casting: Foxfire (safe; 6% risk of failure)
Confirm with . or Enter, or press ? or * to list all spells.
You conjure some foxfire!
The bat closely misses you. The orc hits you but does no damage.
Casting: Foxfire (safe; 6% risk of failure)
Confirm with . or Enter, or press ? or * to list all spells.
You conjure some foxfire!
The foxfire hits the goblin.
The goblin is heavily wounded.
The foxfire hits the orc.
The orc is severely wounded.
The orc hits you with a +0 hand axe.
* * * LOW HITPOINT WARNING * * *
The orc hits you but does no damage. The bat misses you.
Casting: Foxfire (safe; 6% risk of failure)
Confirm with . or Enter, or press ? or * to list all spells.
You don't have enough magic to cast this spell.
Unknown command.
The orc attacks as you move away! The orc hits you but does no damage.
The foxfire hits the bat.
You kill the bat!
The foxfire hits the goblin.
The goblin is severely wounded.
The goblin hits you with a +0 club.
* * * LOW HITPOINT WARNING * * *
The orc throws a boomerang.
The boomerang closely misses you. The goblin attacks as you move away!
The goblin closely misses you. The orc attacks as you move away!
The orc hits you but does no damage. The goblin hits you but does no damage.
The orc attacks as you move away! The orc hits you with a +0 club.
* * * LOW HITPOINT WARNING * * *
The goblin attacks as you move away! The goblin hits you with a +0 club.
* * * LOW HITPOINT WARNING * * *
The goblin attacks as you move away! The goblin barely misses you.
The goblin attacks as you move away! The goblin completely misses you.
The goblin attacks as you move away! The goblin misses you.
You see here a quokka corpse.
The goblin attacks as you move away! The goblin hits you but does no damage.
The goblin attacks as you move away! The goblin hits you with a +0 club.
You die...

#)).........#)####.#
####.######.#.####.# #.#
#.#.†...o# #.#
#o######## #.# #.# #.#
#.# ######.# #.#
#....#.######.#####
#....#@##.........#
#....#g##....####?#
#....#.##....#
+....#†##....#
#.##....#o##....# ##
#.##....'.##o...# .##
#.#.....#o##....# ..####
#.#.....#.##.o..#
#....###.#...[.#.##....#


You could see 2 orcs and a goblin.

Vanquished Creatures
  2 adders (D:2)
  2 dart slugs
  An orc (D:2)
  4 endoplasms
  A giant cockroach (D:2)
  3 goblins
  3 hobgoblins (D:1)
  4 jackals (D:1)
  4 kobolds
  A quokka (D:2)
  3 ball pythons
  8 bats
  3 frilled lizards
  4 rats
43 creatures vanquished.

Vanquished Creatures (others)
  117 foxfires
117 creatures vanquished.

Grand Total: 160 creatures vanquished

Notes
Turn   | Place    | Note
-------+----------+-------------------------------------------
     0 | D:1      | funkygono the Gargoyle Fire Elementalist began the quest
                  | for the Orb.
     0 | D:1      | Reached XP level 1. HP: 10/10 MP: 3/3
   306 | D:1      | Reached XP level 2. HP: 15/15 MP: 3/5
   309 | D:1      | Learned a level 2 spell: Scorch
   872 | D:1      | Reached XP level 3. HP: 19/19 MP: 4/6
   885 | D:1      | Learned a level 3 spell: Kindle Blastsparks
  1265 | D:2      | Found an ancient bone altar of Kikubaaqudgha.
  1523 | D:2      | Reached XP level 4. HP: 24/24 MP: 4/7
  1744 | D:2      | HP: 1/24 [goblin/+0 club (2)]
  1754 | D:2      | Slain by a goblin

Illustrated notes

Levels and vault maps discovered:
D:1:      elethiomel_arrival_infinity_welcomes_careful_drivers,
          layout_loops_cross
D:2:      layout_basic, basic_altar, minmay_goblin_kobold_house

Skill      XL: |  1  2  3 |
---------------+----------+-----
Dodging        | 2 |  2.3
Fighting       | |  0.1
Maces & Flails | |  0.4
Stealth        | |  2.1
Spellcasting   | |  2.4
Conjurations   | |  1.6
Fire Magic     | |  3.8

Action                     |  1- 3 |  4- 6 || total
---------------------------+-------+-------++-------
  Melee: Whip              |    18 |     5 ||    23
   Cast: Foxfire           |    55 |    16 ||    71
         Scorch            |     2 |     1 ||     3
    Use: Scroll            |     5 |       ||     5
 Armour: Robe              |    33 |    21 ||    54
  Dodge: Dodged            |    61 |    23 ||    84

Table legend: (Time is in decaauts)
 A = Elapsed time spent in this place.
 B = Non-inter-level travel time spent in this place.
 C = Inter-level travel time spent in this place.
 D = Time resting spent in this place.
 E = Time spent auto-exploring this place.
 F = Levels seen in this place.
 G = Mean time per level.
                   A        B        C        D        E       F      G
               +--------+--------+--------+--------+--------+-----+--------+
         Total |   1754 |   1750 |      4 |      0 |   1314 |   2 |  877.0 |
       Dungeon |   1754 |   1750 |      4 |      0 |   1314 |   2 |  877.0 |
               +--------+--------+--------+--------+--------+-----+--------+

Top non-repeatable levels by time:
     D:1: 1168 daAuts
     D:2: 586 daAuts
